 Dungeon Sprint DCSS version 0.26-a0-690-gcb57259078 (webtiles) character file.

Game seed: 14297914632401907832

176409696 olmar the Skullcrusher (level 22, 233/233 HPs)
             Began as a Minotaur Fighter on Oct 23, 2020.
             Was an Initiate of Gozag.
             Escaped with the Orb
             ... and 17 runes!
             The game lasted 01:16:06 (10307 turns).

olmar the Skullcrusher (Minotaur Fighter)          Turns: 10307, Time: 01:16:07

Health: 233/233    AC: 39    Str: 27    XL:     22   Next: 79%
Magic:  52/52      EV: 27    Int: 13    God:    Gozag
Gold:   5974       SH: 29    Dex: 24    Spells: 75/75 levels left

rFire    + + +     SeeInvis +   b - +8 eveningstar (venom)
rCold    + . .     Faith    .   I - +1 tower shield
rNeg     + + +     Spirit   .   M - +0 gold dragon scales
rPois    +         Reflect  .   w - +1 hat {MR+}
rElec    +         Harm     .   r - +2 cloak {rCorr}
rCorr    +         Rampage  .   B - +0 pair of gloves "Latal" {Regen+ Dex+8 Slay-3 Stlth+}
MR       +....     NoTele   +   X - +0 pair of boots {run}
Stlth    ++........             m - amulet of Nyxomolo {rN++ MR- Regen+}
HPRegen  1.28/turn              o - ring of Uzxeethri {*Contam rF+ rN+ Int+6 SInv}
MPRegen  0.33/turn              g - ring of Hedonism {rF++ AC+3 Dex+4}

@: quick
A: retaliatory headbutt, horns 2, clever 1, fire resistance 1, screaming 1,
electricity resistance, weak 1, no potion heal 1
0: Orb of Zot
}: 17/17 runes: decaying, serpentine, barnacled, slimy, elven, silver, golden,
iron, obsidian, icy, bone, abyssal, glowing, magical, fiery, dark, gossamer
a: Potion Petition, Call Merchant, Bribe Branch, Renounce Religion


You escaped.
You worshipped Gozag.
Gozag was greatly pleased with you.
You visited 1 branch You collected 54291 gold pieces.
You spent 12738 gold pieces at shops.
You paid 35579 gold pieces to Gozag.

Inventory:

Hand Weapons
 a - a +0 flail
 b - a +8 eveningstar of venom (weapon)
 f - a +4 demon whip
 n - a +2 vorpal dire flail
 x - a +4 morningstar of protection
 R - a +5 demon whip of draining
Armour
 r - a +2 cloak of preservation (worn)
 w - a +1 hat of magic resistance (worn)
 y - a +0 pair of gloves of dexterity
 B - the +0 pair of gloves "Latal" (worn) {Regen+ Dex+8 Slay-3 Stlth+}
   (You bought it in a shop in the Dungeon)

   It affects your dexterity (+8).
   It affects your accuracy and damage with ranged weapons and melee attacks
   (-3).
   It increases your rate of regeneration.
   It makes you more stealthy.
 G - the +4 plate armour of the Northern Lights {Int+3 Stlth+}
   (You bought it in a shop in the Dungeon)

   It affects your intelligence (+3).
   It makes you more stealthy.
 H - the +0 cloak of Autotheism {rPois MR++}
   (You found it in the Dungeon)

   It protects you from poison.
   It affects your resistance to hostile enchantments.
 I - a +1 tower shield (worn)
 M - +0 gold dragon scales (worn)
 P - the cursed +0 cloak of the Sturgeon {+Inv rN+}
   (You bought it in a shop in the Dungeon)

   It protects you from negative energy.
   It lets you turn invisible.
   It has a curse placed upon it.
 U - the +1 cloak "Nituw" {rN+ Stlth+}
   (You bought it in a shop in the Dungeon)

   It protects you from negative energy.
   It makes you more stealthy.
 V - the +13 plate armour "Suifid" {Int+7}
   (You bought it in a shop in the Dungeon)

   It affects your intelligence (+7).
 W - a +2 pair of gloves of archery
 X - a +0 pair of boots of running (worn)
Jewellery
 g - the ring of Hedonism (right hand) {rF++ AC+3 Dex+4}
   (You found it in the Dungeon)

   [ring of protection]

   It affects your AC (+3).
   It affects your dexterity (+4).
   It greatly protects you from fire.
 m - the amulet of Nyxomolo (around neck) {rN++ MR- Regen+}
   (You found it in the Dungeon)

   [amulet of regeneration]

   It greatly protects you from negative energy.
   It affects your resistance to hostile enchantments.
   It increases your rate of regeneration.
 o - the ring of Uzxeethri (left hand) {*Contam rF+ rN+ Int+6 SInv}
   (You bought it in a shop in the Dungeon)

   [ring of intelligence]

   It affects your intelligence (+6).
   It protects you from fire.
   It protects you from negative energy.
   It lets you see invisible.
   It causes magical contamination when unequipped.
 p - the amulet of Ukiell {+Blink Regen+ Str+3 Stlth+}
   (You bought it in a shop in the Dungeon)

   [amulet of regeneration]

   It affects your strength (+3).
   It lets you blink.
   It increases your rate of regeneration.
   It makes you more stealthy.
 q - an uncursed ring of poison resistance
 s - the ring of Qanefie {Fire rElec Str+2}
   (You found it in the Dungeon)

   [ring of fire]

   It enhances your fire magic.
   It affects your strength (+2).
   It protects you from fire.
   It makes you vulnerable to cold.
   It insulates you from electricity.
 u - the ring of Devotion {*Corrode rElec rPois rN+ Str+3}
   (You found it in the Dungeon)

   [ring of strength]

   It affects your strength (+3).
   It insulates you from electricity.
   It protects you from poison.
   It protects you from negative energy.
   It may corrode you when you take damage.
Scrolls
 j - 5 scrolls of blinking
 k - 7 scrolls of remove curse
 l - 3 scrolls of amnesia
 t - 7 scrolls of enchant armour
 A - a scroll of magic mapping
 N - a scroll of fear
Potions
 d - 3 potions of stabbing
 h - 9 potions of magic
 i - a potion of mutation
 C - 4 potions of brilliance
 D - 2 potions of cancellation
 E - 4 potions of haste
 F - a potion of flight
 J - 2 potions of degeneration
 O - 4 potions of berserk rage
Miscellaneous
 c - a condenser vane (2/2)
 z - a lightning rod (4/4)
 K - the horn of Geryon


   Skills:
 O Level 27 Fighting
 O Level 27 Maces & Flails
 O Level 27 Throwing
 O Level 27 Armour
 O Level 27 Dodging
 O Level 27 Stealth
 O Level 27 Shields
 O Level 27 Unarmed Combat
 O Level 27 Spellcasting
 O Level 27 Evocations


You had 75 spell levels left.
You didn't know any spells.
Your spell library contained the following spells:

 Spells                   Type           Power        Failure   Level
 Sting                    Tmut/Pois      ###.         12%         1
 Poisonous Vapours        Pois/Air       ###...       19%         2
 Ignite Poison            Fire/Tmut/Pois ###.....     34%         3
 Mephitic Cloud           Conj/Pois/Air  ###.....     34%         3
 Static Discharge         Conj/Air       ###.....     34%         3
 Olgreb's Toxic Radiance  Pois           ###.....     75%         4
 Lightning Bolt           Conj/Air       ###.......   97%         5
 Ignition                 Fire           ###.......   100%        8
 Shatter                  Erth           ###.......   100%        9
 Tornado                  Air            ###.......   100%        9


Dungeon Overview and Level Annotations

Branches:
Dungeon (1/1)

Altars:
Cheibriados
Dithmenos
Elyvilon
Fedhas
Gozag
Hepliaklqana
Kikubaaqudgha
Makhleb
Nemelex Xobeh
Okawaru
Qazlal
Ru
Sif Muna
Trog
Uskayaw
Vehumet
Wu Jian
Xom
Yredelemnul
Zin
The Shining One
Beogh
Jiyva
Lugonu

Shops:
D !?*[(([*(=*[}?[*[


Innate Abilities, Weirdness & Mutations

You reflexively headbutt those who attack you in melee.
You have a pair of horns on your head.
Your mind is acute. (Int +2)
Your flesh is heat resistant. (rF+)
You occasionally shout uncontrollably at your foes.
You are resistant to electric shocks. (rElec)
You are weak. (Str -2)
Potions are less effective at restoring your health.


Message History

You kill the hell hound!
Unknown command.
No target in view!
Unknown command.
No target in view!
Unknown command.
No target in view!
Unknown command.
You see here 144 gold pieces.
You see here 144 gold pieces.
You now have 5974 gold pieces (gained 144).
There are no items here.
Unknown command.
There is an open door to the Dungeon here.
Things that are here:
a +0 club; a +0 club
There is a staircase leading out of the dungeon here.
Unknown command.
Unknown command.
You have escaped!

$)['∩............▓
▓▓▓▓▓▓▓▓▓▓▓▓▓▓▓▓.▓
.................▓
▓▓▓▓▓▓▓▓▓▓▓▓▓▓▓▓▓▓
.(.(.....'.......▓
▓▓▓▓▓▓▓▓▓▓▓▓▓▓▓▓.▓
.................▓
▓▓▓▓▓▓▓▓▓▓▓▓▓▓▓▓▓▓
'.....+[....)...@▓
▓▓▓▓▓▓▓▓▓▓▓▓▓▓▓▓▓▓


There were no monsters in sight!

Vanquished Creatures
  Antaeus (D)
  Gloorx Vloq (D)
  Ereshkigal (D)
  the Royal Jelly (D)
  Lom Lobon (D)
  A seraph (D)
  Mnoleg (D)
  Dispater (D)
  4 ancient liches (D)
  4 orbs of fire (D)
  Mara (D)
  3 greater mummies (D)
  Boris (D)
  Frederick (D)
  Margery (D)
  Xtahua (D)
  A curse toe (D)
  Geryon (D)
  Nikola (D)
  3 golden dragons (D)
  Jory (D)
  A profane servitor (D)
  A Brimstone Fiend (D)
  2 hellephants (D)
  2 Ice Fiends (D)
  4 electric golems (D)
  3 liches (D)
  Rupert (D)
  4 tentacled monstrosities (D)
  A Hell Sentinel (D)
  2 deep elf blademasters (D)
  A deep elf master archer (D)
  A titan (D)
  31 Orb Guardians (D)
  13 acid blobs (D)
  Kirke (D)
  Gastronok (D)
  2 death cobs (D)
  2 tengu reavers (D)
  3 thorn hunters (D)
  13 sphinxes (D)
  A draconian monk (D)
  2 storm dragons (D)
  7 shadow dragons (D)
  Ilsuiw (D)
  3 nagarajas (D)
  11 azure jellies (D)
  2 fire giants (D)
  Louise (D)
  3 deep elf sorcerers (D)
  4 ghost moths (D)
  A draconian scorcher (D)
  A balrug (D)
  4 draconian shifters (D)
  5 emperor scorpions (D)
  5 vault wardens (D)
  Aizul (D)
  5 draconian annihilators (D)
  A draconian stormcaller (D)
  An entropy weaver (D)
  4 ironheart preservers (D)
  2 angels (D)
  7 stone giants (D)
  A reaper (D)
  A very ugly thing (D)
  A green draconian (D)
  2 red draconians (D)
  9 vampire knights (D)
  4 black draconians (D)
  Azrael (D)
  4 deep elf annihilators (D)
  4 purple draconians (D)
  4 mummy priests (D)
  2 white draconians (D)
  2 merfolk javelineers (D)
  5 ettins (D)
  5 merfolk impalers (D)
  A deep elf death mage (D)
  3 fire dragons (D)
  3 great orbs of eyes (D)
  3 death oozes (D)
  3 yaktaur captains (D)
  3 deep elf high priests (D)
  3 naga warriors (D)
  7 ice dragons (D)
  2 rakshasas (D)
  2 hell beasts (D)
  9 hydras (D)
  25 vault guards (D)
  3 catoblepae (D)
  5 boulder beetles (D)
  A death knight (D)
  2 merfolk avatars (D)
  4 merfolk aquamancers (D)
  2 centaur warriors (D)
  7 two-headed ogres (D)
  7 ogre magi (D)
  A vampire mage (D)
  A death yak (D)
  3 deep troll earth magi (D)
  An orc high priest (D)
  2 tengu warriors (D)
  Urug (D)
  2 alligators (D)
  A spriggan berserker (D)
  Nergalle (D)
  5 hell knights (D)
  2 sun demons (D)
  2 sea snakes (D)
  A spriggan druid (D)
  6 swamp dragons (D)
  A cherub (D)
  2 ironbrand convokers (D)
  2 starcursed masses (D)
  A phantasmal warrior (D)
  A mana viper (shapeshifter) (D)
  3 orc knights (D)
  A necromancer (D)
  An orb spider (D)
  A cyclops (D)
  A deep elf mage (D)
  An ugly thing (D)
  9 wolf spiders (D)
  10 moths of wrath (D)
  Maurice (D)
  6 guardian serpents (D)
  2 black mambas (D)
  5 naga magi (D)
  2 vault sentinels (D)
  5 cane toads (D)
  A kobold demonologist (D)
  3 yaktaurs (D)
  A hellion (D)
  A komodo dragon (D)
  A rime drake (D)
  A tormentor (D)
  A tengu conjurer (D)
  A freezing wraith (D)
  A hellwing (D)
  A demonic crawler (D)
  A wandering mushroom (D)
  An ancient zyme (D)
  14 guardian mummies (D)
  4 red devils (D)
  4 merfolk (D)
  A polar bear (D)
  A wind drake (D)
  A tyrant leech (D)
  A blink frog (D)
  A slime creature (D)
  A jumping spider (D)
  A hornet (D)
  A snapping turtle (D)
  11 spriggans (D)
  2 tarantellas (D)
  A redback (D)
  7 yaks (D)
  A wraith (D)
  3 hogs (D)
  A golden eye (D)
  A basilisk (D)
  3 fire elementals (D)
  A chaos spawn (D)
  A neqoxec (D)
  A vampire mosquito (D)
  3 nagas (D)
  An acid dragon (D)
  A soldier ant (D)
  4 water moccasins (D)
  6 hell hounds (D)
  3 floating eyes (D)
  9 orc warriors (D)
  2 eyes of draining (D)
  A swamp drake (D)
  An ice beast (D)
  3 ogres (D)
  3 bullfrogs (D)
  A scorpion (D)
  6 orc priests (D)
  4 orc wizards (D)
  A hell rat (D)
  A worker ant (D)
  An adder (D)
  An adder zombie (D)
  A ball lightning (D)
  A dart slug (D)
  5 orcs (D)
  A bat skeleton (D)
  A hobgoblin (D)
  A jackal (D)
  A quokka (D)
  A ball python skeleton (D)
  A bat (D)
  2 kobolds (D)
  A rat (D)
561 creatures vanquished.

Vanquished Creatures (collateral kills)
  A monstrous demonspawn (D)
  2 hellwings (D)
  A ball lightning (D)
4 creatures vanquished.

Vanquished Creatures (others)
  Cerebov (D)
  Asmodeus (D)
  3 greater mummies (D)
  A Brimstone Fiend (D)
  A lich (D)
  An Ice Fiend (D)
  3 Orb Guardians (D)
  An Executioner (D)
  Frances (D)
  A blood saint (D)
  2 cacodemons (D)
  A warmonger (D)
  A balrug (D)
  A reaper (D)
  A green death (D)
  A mummy priest (D)
  A soul eater (D)
  3 sun demons (D)
  A sixfirhy (D)
  2 smoke demons (D)
  A rust devil (D)
  2 orange demons (D)
  A hellwing (D)
  A red devil (D)
  2 guardian mummies (D)
  3 ice devils (D)
  A yak (D)
  2 small abominations (D)
  A quasit (D)
  10 ball lightnings (D)
52 creatures vanquished.

Grand Total: 617 creatures vanquished

Notes
Turn   | Place    | Note
-------+----------+-------------------------------------------
     0 | D        | olmar the Minotaur Fighter began the quest for the Orb.
     0 | D        | Reached XP level 1. HP: 19/19 MP: 0/0
   153 | D        | Noticed a water moccasin
   162 | D        | Killed a water moccasin
   162 | D        | Reached XP level 2. HP: 18/31 MP: 1/1
   162 | D        | Reached XP level 3. HP: 22/38 MP: 2/2
   162 | D        | Reached XP level 4. HP: 26/45 MP: 3/3
   184 | D        | Found a roughly hewn altar of Beogh.
   184 | D        | Found a snail-covered altar of Cheibriados.
   184 | D        | Found a shadowy altar of Dithmenos.
   184 | D        | Found a white marble altar of Elyvilon.
   184 | D        | Found a blossoming altar of Fedhas.
   184 | D        | Found an opulent altar of Gozag.
   185 | D        | Found a hazy altar of Hepliaklqana.
   186 | D        | Found a viscous altar of Jiyva.
   187 | D        | Found an ancient bone altar of Kikubaaqudgha.
   188 | D        | Found a corrupted altar of Lugonu.
   189 | D        | Found a burning altar of Makhleb.
   190 | D        | Found a sparkling altar of Nemelex Xobeh.
   191 | D        | Found an iron altar of Okawaru.
   192 | D        | Became a worshipper of Gozag Ym Sagoz the Greedy
   193 | D        | Found a stormy altar of Qazlal.
   194 | D        | Found a sacrificial altar of Ru.
   195 | D        | Found a shimmering blue altar of Sif Muna.
   196 | D        | Found a bloodstained altar of Trog.
   197 | D        | Found a hide-covered altar of Uskayaw.
   198 | D        | Found a radiant altar of Vehumet.
   199 | D        | Found an ornate altar of the Wu Jian Council.
   200 | D        | Found a shimmering altar of Xom.
   201 | D        | Found a basalt altar of Yredelemnul.
   202 | D        | Found a glowing silver altar of Zin.
   203 | D        | Found a glowing golden altar of the Shining One.
   450 | D        | Noticed an orc warrior
   450 | D        | Noticed an ice beast
   450 | D        | Noticed a yak
   455 | D        | Killed a yak
   455 | D        | Reached XP level 5. HP: 47/56 MP: 4/4
   455 | D        | Reached XP level 6. HP: 52/62 MP: 5/5
   462 | D        | Killed an ice beast
   465 | D        | Killed an orc warrior
   465 | D        | Reached skill level 10 in Fighting
   465 | D        | Reached skill level 10 in Armour
   470 | D        | Reached skill level 1 in Evocations
   470 | D        | Reached XP level 7. HP: 58/73 MP: 6/6
   480 | D        | Noticed a boulder beetle
   480 | D        | Noticed a wraith
   480 | D        | Noticed a yak
   480 | D        | Noticed a centaur warrior
   487 | D        | Killed a centaur warrior
   487 | D        | Reached XP level 8. HP: 57/83 MP: 7/7
   503 | D        | Killed a boulder beetle
   503 | D        | Reached XP level 9. HP: 45/93 MP: 8/8
   625 | D        | Noticed a cane toad
   625 | D        | Noticed a komodo dragon
   630 | D        | Killed a komodo dragon
   639 | D        | Killed a cane toad
   639 | D        | Reached skill level 15 in Maces & Flails
   650 | D        | Noticed a polar bear
   664 | D        | Killed a polar bear
   918 | D        | Noticed a cane toad
   918 | D        | Noticed a rime drake
   925 | D        | Noticed a cane toad
   926 | D        | Killed a rime drake
   926 | D        | Reached XP level 10. HP: 91/104 MP: 9/9
   935 | D        | Noticed a cane toad
   937 | D        | Killed a cane toad
   937 | D        | Reached skill level 15 in Fighting
   946 | D        | Killed a cane toad
   948 | D        | Killed a cane toad
  1217 | D        | Noticed a death yak
  1217 | D        | Noticed a catoblepas
  1217 | D        | Noticed a catoblepas
  1220 | D        | Noticed a catoblepas
  1228 | D        | Killed a catoblepas
  1256 | D        | Killed a catoblepas
  1268 | D        | Killed a death yak
  1275 | D        | Reached XP level 11. HP: 46/116 MP: 10/10
  1293 | D        | Killed a catoblepas
  1418 | D        | Noticed Gastronok
  1431 | D        | Killed Gastronok
  1467 | D        | Bought a scroll of acquirement for 728 gold pieces
  1467 | D        | Bought a scroll of fog for 28 gold pieces
  1467 | D        | Bought a scroll of brand weapon for 280 gold pieces
  1467 | D        | Acquired a +4 morningstar of protection
  1474 | D        | Noticed a stone giant
  1484 | D        | Noticed an orc high priest
  1491 | D        | Killed a stone giant
  1511 | D        | Noticed a sun demon
  1514 | D        | Killed an orc high priest
  1532 | D        | Noticed an orc knight
  1549 | D        | Killed an orc knight
  1807 | D        | Found Dualuoda's Weapon Boutique.
  1807 | D        | Noticed a two-headed ogre
  1807 | D        | Noticed a two-headed ogre
  1807 | D        | Noticed an ogre mage
  1809 | D        | Bought a lightning rod (4/4) for 640 gold pieces
  1810 | D        | Noticed a two-headed ogre
  1811 | D        | Killed a two-headed ogre
  1811 | D        | Killed a two-headed ogre
  1812 | D        | Killed an ogre mage
  1818 | D        | Killed a two-headed ogre
  1818 | D        | Reached XP level 12. HP: 132/132 MP: 11/11
  1820 | D        | Found Jaaxtef's Armour Shop.
  1822 | D        | Noticed an ogre mage
  1824 | D        | Found Zoiby's Magic Scroll Boutique.
  1828 | D        | Found Ipniab's Distillery.
  1830 | D        | Noticed a two-headed ogre
  1830 | D        | Noticed an ogre mage
  1832 | D        | Killed an ogre mage
  1832 | D        | Reached skill level 5 in Evocations
  1833 | D        | Noticed a two-headed ogre
  1833 | D        | Noticed a two-headed ogre
  1835 | D        | Noticed a two-headed ogre
  1840 | D        | Killed a two-headed ogre
  1840 | D        | Killed an ogre mage
  1841 | D        | Killed a two-headed ogre
  1841 | D        | Reached skill level 15 in Armour
  1841 | D        | Killed a two-headed ogre
  1841 | D        | Killed a two-headed ogre
  1845 | D        | Bought a scroll of magic mapping for 42 gold pieces
  1845 | D        | Bought a scroll of blinking for 90 gold pieces
  1849 | D        | Bought a potion of resistance for 130 gold pieces
  1849 | D        | Bought a potion of brilliance for 52 gold pieces
  1849 | D        | Bought a potion of heal wounds for 65 gold pieces
  1849 | D        | Bought a potion of haste for 130 gold pieces
  1849 | D        | Bought a potion of heal wounds for 65 gold pieces
  1849 | D        | Bought a potion of flight for 39 gold pieces
  1849 | D        | Bought a potion of haste for 130 gold pieces
  1909 | D        | Noticed Maurice
  1925 | D        | Killed Maurice
  2041 | D        | Noticed a tengu warrior
  2041 | D        | Noticed a four-headed hydra
  2049 | D        | Killed a four-headed hydra
  2050 | D        | Noticed an eight-headed hydra
  2056 | D        | Killed a tengu warrior
  2057 | D        | Killed an eight-headed hydra
  2060 | D        | Noticed an ettin
  2062 | D        | Noticed an ice dragon
  2064 | D        | Noticed a stone giant
  2065 | D        | Noticed a rakshasa
  2070 | D        | Reached skill level 10 in Shields
  2072 | D        | Killed a rakshasa
  2072 | D        | Killed an ettin
  2073 | D        | Killed a stone giant
  2073 | D        | Killed an ice dragon
  2074 | D        | Noticed a deep troll earth mage
  2074 | D        | Noticed a stone giant
  2082 | D        | Killed a deep troll earth mage
  2084 | D        | Killed a stone giant
  2084 | D        | Reached XP level 13. HP: 131/145 MP: 12/12
  2137 | D        | Noticed Urug
  2153 | D        | Killed Urug
  2203 | D        | Bought a condenser vane (2/2) for 320 gold pieces
  2350 | D        | Noticed a thorn hunter
  2355 | D        | Killed a thorn hunter
  2355 | D        | Reached skill level 10 in Evocations
  2361 | D        | Noticed a thorn hunter
  2366 | D        | Killed a thorn hunter
  2386 | D        | Noticed a merfolk javelineer
  2392 | D        | Killed a merfolk javelineer
  2404 | D        | Bought the ring of Uzxeethri {*Contam rF+ rN+ Int+6 SInv}
                  | for 1280 gold pieces
  2404 | D        | Bought the amulet of Ukiell {+Blink Regen+ Str+3 Stlth+}
                  | for 902 gold pieces
  2404 | D        | Bought an uncursed ring of poison resistance for 340 gold
                  | pieces
  2511 | D        | Noticed an entropy weaver
  2515 | D        | Killed an entropy weaver
  2555 | D        | Noticed Kirke
  2569 | D        | Killed Kirke
  2569 | D        | Reached XP level 14. HP: 157/157 MP: 13/13
  2616 | D        | Noticed Aizul
  2628 | D        | Killed Aizul
  2664 | D        | Bought a glowing cloak for 217 gold pieces
  2664 | D        | Bought a faintly humming plate armour for 812 gold pieces
  2664 | D        | Identified the cursed +0 plate armour "Toheff" {rCorr} (You
                  | bought it in a shop in the Dungeon)
  2675 | D        | Noticed a stone giant
  2680 | D        | Noticed a fire giant
  2681 | D        | Killed a stone giant
  2681 | D        | Reached skill level 15 in Shields
  2685 | D        | Killed a fire giant
  2694 | D        | Noticed a stone giant
  2702 | D        | Noticed a sphinx
  2703 | D        | Noticed a white very ugly thing
  2706 | D        | Killed a stone giant
  2707 | D        | Killed a sphinx
  2710 | D        | Killed a white very ugly thing
  2710 | D        | Reached skill level 15 in Evocations
  2835 | D        | Noticed a vault warden
  2837 | D        | Noticed a vault warden
  2839 | D        | Noticed a vault warden
  2842 | D        | Killed a vault warden
  2844 | D        | Killed a vault warden
  2849 | D        | Killed a vault warden
  2862 | D        | Noticed an ironheart preserver
  2868 | D        | Killed an ironheart preserver
  2868 | D        | Reached XP level 15. HP: 136/168 MP: 14/14
  2997 | D        | Found the +12 glaive of Prune {vorpal}
  3091 | D        | Noticed Jory
  3113 | D        | Killed Jory
  3239 | D        | Noticed Xtahua
  3250 | D        | Killed Xtahua
  3308 | D        | Noticed a nagaraja
  3308 | D        | Noticed a nagaraja
  3309 | D        | Noticed a nagaraja
  3320 | D        | Killed a nagaraja
  3321 | D        | Killed a nagaraja
  3322 | D        | Killed a nagaraja
  3373 | D        | Got a serpentine rune of Zot
  3383 | D        | Noticed Ilsuiw
  3395 | D        | Killed Ilsuiw
  3528 | D        | Got a barnacled rune of Zot
  3538 | D        | Noticed a thorn hunter
  3545 | D        | Killed a thorn hunter
  3546 | D        | Reached skill level 27 in Maces & Flails
  3570 | D        | Got a decaying rune of Zot
  3578 | D        | Noticed a ghost moth
  3579 | D        | Noticed a ghost moth
  3589 | D        | Killed a ghost moth
  3589 | D        | Reached XP level 16. HP: 180/180 MP: 1/15
  3625 | D        | Got a gossamer rune of Zot
  3681 | D        | Noticed Mara
  3682 | D        | Noticed Margery
  3689 | D        | Noticed olmar's illusion
  3694 | D        | Killed Mara
  3702 | D        | Killed Margery
  3729 | D        | Noticed Azrael
  3742 | D        | Killed Azrael
  3757 | D        | Noticed Nergalle
  3769 | D        | Killed Nergalle
  3818 | D        | Reached skill level 27 in Fighting
  3940 | D        | Noticed a lich
  3946 | D        | Killed a lich
  3947 | D        | Reached XP level 17. HP: 191/191 MP: 16/16
  4028 | D        | Reached skill level 27 in Shields
  4051 | D        | Noticed an ancient lich
  4065 | D        | Paralysed by an ancient lich for 4 turns
  4073 | D        | Killed an ancient lich
  4073 | D        | Reached skill level 27 in Evocations
  4100 | D        | Noticed a titan
  4117 | D        | Killed a titan
  4126 | D        | Got a silver rune of Zot
  4135 | D        | Noticed Frances
  4136 | D        | Noticed Frederick
  4140 | D        | Noticed Nikola
  4143 | D        | Killed Frances
  4143 | D        | Killed Frederick
  4163 | D        | Killed Nikola
  4173 | D        | Noticed Rupert
  4188 | D        | Killed Rupert
  4241 | D        | Bought a heavily runed plate armour for 1204 gold pieces
  4241 | D        | Identified the +4 plate armour of the Northern Lights
                  | {Int+3 Stlth+} (You bought it in a shop in the Dungeon)
  4244 | D        | Bought a potion of heal wounds for 170 gold pieces
  4244 | D        | Bought a scroll of enchant weapon for 255 gold pieces
  4244 | D        | Bought a scroll of enchant armour for 255 gold pieces
  4244 | D        | Bought 2 potions of curing for 204 gold pieces
  4244 | D        | Bought a scroll of acquirement for 1768 gold pieces
  4244 | D        | Acquired a manual of Stealth
  4248 | D        | Bought a masterwork cloak for 342 gold pieces
  4248 | D        | Bought a scorched plate armour for 1008 gold pieces
  4248 | D        | Bought a pair of glowing gloves for 270 gold pieces
  4248 | D        | Bought a pair of glowing boots for 270 gold pieces
  4268 | D        | Identified a +0 pair of boots of running (You bought it in
                  | a shop in the Dungeon)
  4286 | D        | Identified the +1 cloak "Nituw" {rN+ Stlth+} (You bought it
                  | in a shop in the Dungeon)
  4286 | D        | Identified the +13 plate armour "Suifid" {Int+7} (You
                  | bought it in a shop in the Dungeon)
  4306 | D        | Got the ring of Hedonism {rF++ AC+3 Dex+4}
  4308 | D        | Got the amulet of Nyxomolo {rN++ MR- Regen+}
  4310 | D        | Found the +6 arbalest "Damnation" {damnation}
  4310 | D        | Got the ring of Qanefie {Fire rElec Str+2}
  4312 | D        | Got the ring of Devotion {*Corrode rElec rPois rN+ Str+3}
  4333 | D        | Got the +0 cloak of Autotheism {rPois MR++}
  4390 | D        | Noticed Boris
  4403 | D        | Killed Boris
  4415 | D        | Noticed Louise
  4471 | D        | Reached skill level 27 in Armour
  4472 | D        | Reached skill level 5 in Unarmed Combat
  4473 | D        | Reached skill level 5 in Throwing
  4482 | D        | Killed Louise
  4524 | D        | Reached skill level 10 in Unarmed Combat
  4531 | D        | Reached skill level 10 in Throwing
  4531 | D        | Reached XP level 18. HP: 129/200 MP: 17/17
  4577 | D        | Bought a scroll of remove curse for 78 gold pieces
  4577 | D        | Bought a scroll labeled FYTUVVOAHE for 26 gold pieces
  4577 | D        | Bought a scroll of remove curse for 78 gold pieces
  4577 | D        | Bought a twisted cloak for 247 gold pieces
  4577 | D        | Bought a scroll labeled MUUXKABEEL for 26 gold pieces
  4577 | D        | Identified the cursed +0 cloak of the Sturgeon {+Inv rN+}
                  | (You bought it in a shop in the Dungeon)
  4666 | D        | Noticed a tentacled monstrosity
  4672 | D        | Killed a tentacled monstrosity
  4672 | D        | Reached skill level 15 in Unarmed Combat
  4692 | D        | Noticed an electric golem
  4709 | D        | Killed an electric golem
  4709 | D        | Reached skill level 15 in Throwing
  4744 | D        | Noticed a tentacled monstrosity
  4756 | D        | Killed a tentacled monstrosity
  4906 | D        | Noticed a tentacled monstrosity
  4906 | D        | Noticed a curse toe
  4911 | D        | Killed a tentacled monstrosity
  4919 | D        | Killed a curse toe
  5028 | D        | Noticed an Orb Guardian
  5028 | D        | Noticed an Orb Guardian
  5028 | D        | Noticed an Orb Guardian
  5028 | D        | Noticed an Orb Guardian
  5028 | D        | Noticed an Orb Guardian
  5028 | D        | Noticed an Orb Guardian
  5031 | D        | Noticed an Orb Guardian
  5032 | D        | Killed an Orb Guardian
  5032 | D        | Killed an Orb Guardian
  5032 | D        | Killed an Orb Guardian
  5033 | D        | Killed an Orb Guardian
  5033 | D        | Killed an Orb Guardian
  5036 | D        | Killed an Orb Guardian
  5043 | D        | Noticed an Orb Guardian
  5045 | D        | Killed an Orb Guardian
  5052 | D        | Noticed an Orb Guardian
  5053 | D        | Killed an Orb Guardian
  5056 | D        | Noticed an Orb Guardian
  5068 | D        | Killed an Orb Guardian
  5068 | D        | Reached XP level 19. HP: 186/207 MP: 18/18
  5082 | D        | Noticed a golden dragon
  5082 | D        | Noticed a golden dragon
  5082 | D        | Noticed a golden dragon
  5086 | D        | Killed a golden dragon
  5091 | D        | Killed a golden dragon
  5093 | D        | Killed a golden dragon
  5118 | D        | Noticed an ancient lich
  5128 | D        | Killed an ancient lich
  5151 | D        | Noticed an orb of fire
  5153 | D        | Gained mutation: Scrolls take you a little longer to read.
                  | [an orb of fire]
  5163 | D        | Killed an orb of fire
  5163 | D        | Reached skill level 27 in Unarmed Combat
  5170 | D        | Lost mutation: Scrolls take you a little longer to read.
                  | [potion of mutation]
  5170 | D        | Gained mutation: You are weak. (Str -2) [potion of
                  | mutation]
  5170 | D        | Gained mutation: Your mind is acute. (Int +2) [potion of
                  | mutation]
  5170 | D        | Gained mutation: You are resistant to electric shocks.
                  | (rElec) [potion of mutation]
  5181 | D        | Noticed an electric golem
  5187 | D        | Killed an electric golem
  5191 | D        | Noticed an orb of fire
  5191 | D        | Noticed an orb of fire
  5194 | D        | Noticed an ancient lich
  5315 | D        | Noticed an orb of fire
  5323 | D        | Gained mutation: Potions are less effective at restoring
                  | your health. [an orb of fire]
  5326 | D        | Killed an orb of fire
  5326 | D        | Reached skill level 27 in Throwing
  5326 | D        | Reached skill level 5 in Stealth
  5332 | D        | Gained mutation: Your flesh is heat resistant. (rF+) [an
                  | orb of fire]
  5339 | D        | Killed an orb of fire
  5349 | D        | Noticed a Brimstone Fiend
  5354 | D        | Killed an ancient lich
  5354 | D        | Reached skill level 15 in Stealth
  5363 | D        | Noticed an electric golem
  5366 | D        | Noticed an electric golem
  5370 | D        | Killed an orb of fire
  5407 | D        | Killed an electric golem
  5407 | D        | Reached XP level 20. HP: 121/216 MP: 19/19
  5610 | D        | Noticed an ancient lich
  5625 | D        | Killed an ancient lich
  5644 | D        | Reached skill level 27 in Stealth
  5693 | D        | Reached skill level 10 in Dodging
  5697 | D        | Reached skill level 15 in Dodging
  5883 | D        | Got an elven rune of Zot
  5933 | D        | Noticed the Royal Jelly
  5965 | D        | Paralysed by a floating eye for 4 turns
  5981 | D        | Paralysed by a floating eye for 3 turns
  5989 | D        | Reached XP level 21. HP: 164/224 MP: 20/20
  5991 | D        | Killed the Royal Jelly
  5992 | D        | Paralysed by a floating eye for 4 turns
  6056 | D        | Got a slimy rune of Zot
  6157 | D        | Reached skill level 27 in Dodging
  6186 | D        | Reached skill level 10 in Spellcasting
  6364 | D        | Noticed a greater mummy
  6364 | D        | Noticed a greater mummy
  6448 | D        | Killed a greater mummy
  6472 | D        | Killed a greater mummy
  6554 | D        | Reached skill level 15 in Spellcasting
  6985 | D        | Noticed a greater mummy
  6985 | D        | Noticed a greater mummy
  6986 | D        | Noticed a greater mummy
  6989 | D        | Noticed a greater mummy
  6995 | D        | Killed a greater mummy
  6997 | D        | Got a golden rune of Zot
  7027 | D        | Got an abyssal rune of Zot
  7155 | D        | Bought a pair of steaming gloves for 247 gold pieces
  7165 | D        | Identified the +0 pair of gloves "Latal" {Regen+ Dex+8
                  | Slay-3 Stlth+} (You bought it in a shop in the Dungeon)
  7169 | D        | Noticed Geryon
  7179 | D        | Killed Geryon
  7183 | D        | Identified the +6 sword of Cerebov {flame}
  7183 | D        | Noticed Cerebov
  7183 | D        | Identified the +7 sceptre of Asmodeus
  7183 | D        | Noticed Asmodeus
  7183 | D        | Identified the +4 staff of Dispater
  7183 | D        | Noticed Dispater
  7210 | D        | Killed Asmodeus
  7214 | D        | Noticed Gloorx Vloq
  7228 | D        | Noticed Mnoleg
  7270 | D        | Killed Dispater
  7278 | D        | Killed Cerebov
  7388 | D        | Killed Mnoleg
  7388 | D        | Reached XP level 22. HP: 115/233 MP: 45/47
  7425 | D        | Killed Gloorx Vloq
  7529 | D        | Got a fiery rune of Zot
  7533 | D        | Got an iron rune of Zot
  7535 | D        | Noticed Ereshkigal
  7537 | D        | Got a dark rune of Zot
  7538 | D        | Noticed Lom Lobon
  7543 | D        | Noticed Antaeus
  7559 | D        | Killed Ereshkigal
  7584 | D        | Killed a greater mummy
  7590 | D        | Killed Antaeus
  7614 | D        | Killed Lom Lobon
  7620 | D        | Got a magical rune of Zot
  7624 | D        | Got an icy rune of Zot
  7637 | D        | Killed a greater mummy
  7666 | D        | Got a bone rune of Zot
  7672 | D        | Got a glowing rune of Zot
  7689 | D        | Got an obsidian rune of Zot
  8082 | D        | Got the Orb of Zot
  8961 | D        | Gained mutation: You occasionally shout uncontrollably at
                  | your foes. [a neqoxec]
  9234 | D        | Reached skill level 27 in Spellcasting
  9463 | D        | Noticed a seraph
  9489 | D        | Killed a seraph
 10307 | D        | Escaped with the Orb!

Illustrated notes

Levels and vault maps discovered:
D:        linesprint [early_d, line_temple, items_1, d_10, items_2, lair_1,
          lair_end, items_3, orc_1, orc_end, items_4, d_15, swamp_1, shoals_1,
          snake_1, spider_1, d_20, vaults_1, items_5, swamp_end, shoals_end,
          snake_end, spider_end, vaults_end, d_27, items_6, zot_1, zot_end,
          crypt_end, forest_end, elf_end, slime_end, tomb_end, abyss_end,
          pan_hell_end]

Skill      XL: |  1  2  3  4  5  6  7  8  9 10 11 12 13 14 15 16 17 18 19 20 21 22 |
---------------+-------------------------------------------------------------------+-----
Fighting       | 6 8 10 11 13 14 16 19 21 23 24 26 27 | 27.0
Armour         | 7 9 10 11 12 13 14 15 16 17 19 20 27 | 27.0
Shields        | 7 8 9 10 14 17 21 26 27 | 27.0
Maces & Flails | 4 6 8 11 13 16 19 21 23 25 27 | 27.0
Evocations     | 1 2 3 4 8 13 17 20 24 27 | 27.0
Throwing       | 10 22 27 | 27.0
Unarmed Combat | 10 23 27 | 27.0
Stealth        | 19 27 | 27.0
Dodging        | 23 27 | 27.0
Spellcasting   | 22 27 | 27.0

Action                   |  1- 3 |  4- 6 |  7- 9 | 10-12 | 13-15 | 16-18 | 19-21 | 22-24 || total
-------------------------+-------+-------+-------+-------+-------+-------+-------+-------++-------
Melee: Flail             |    23 |    12 |       |       |       |       |       |       ||    35
       Headbutt          |     5 |     5 |    11 |    35 |    38 |    86 |   127 |    95 ||   402
       Dire flail        |       |    17 |    57 |    60 |       |       |       |       ||   134
       Morningstar       |       |       |       |    82 |   148 |    52 |       |       ||   282
       Demon whip        |       |       |       |       |       |   123 |       |       ||   123
       Eveningstar       |       |       |       |       |       |   105 |   359 |   233 ||   697
Invok: Potion Petition   |       |       |       |     4 |       |     1 |     7 |    13 ||    25
       Call Merchant     |       |       |       |     2 |     5 |     4 |     2 |       ||    13
       Bribe Branch      |       |       |       |       |       |       |     1 |       ||     1
Evoke: Wand              |       |     2 |     6 |     2 |       |     9 |       |       ||    19
       Lightning rod     |       |       |       |    26 |    80 |   113 |    81 |    13 ||   313
       Condenser vane    |       |       |       |       |    20 |    19 |    34 |     7 ||    80
       Horn of Geryon    |       |       |       |       |       |       |     2 |     1 ||     3
  Use: Potion            |     1 |     1 |     5 |     4 |     2 |     5 |    21 |     3 ||    42
       Scroll            |       |       |       |     1 |     1 |    14 |     9 |     2 ||    27
 Stab: Invisible         |       |     2 |     2 |     2 |       |       |       |       ||     6
       Sleeping          |       |       |       |    21 |       |       |     2 |     3 ||    26
       Distracted        |       |       |       |     1 |     4 |     3 |    12 |     4 ||    24
Armor: Scale mail        |     5 |     2 |       |       |       |       |       |       ||     7
       Ring mail         |       |     2 |     8 |    24 |       |       |       |       ||    34
       Fire dragon scale |       |       |       |     4 |    33 |       |       |       ||    37
       Gold dragon scale |       |       |       |       |    34 |    88 |   134 |    84 ||   340
Dodge: Dodged            |     8 |     9 |    12 |    22 |    14 |    30 |    57 |    84 ||   236
Block: Kite shield       |     9 |     2 |       |    16 |       |       |       |       ||    27
       Tower shield      |       |       |       |    16 |   121 |   193 |   307 |   219 ||   856

Table legend: (Time is in decaauts)
 A = Elapsed time spent in this place.
 B = Non-inter-level travel time spent in this place.
 C = Inter-level travel time spent in this place.
 D = Time resting spent in this place.
 E = Time spent auto-exploring this place.
 F = Levels seen in this place.
 G = Mean time per level.
                   A        B        C        D        E       F      G
               +--------+--------+--------+--------+--------+-----+--------+
         Total |   9541 |   7467 |   2074 |   3129 |    236 |   1 | 9541.0 |
       Dungeon |   9541 |   7467 |   2074 |   3129 |    236 |   1 | 9541.0 |
               +--------+--------+--------+--------+--------+-----+--------+

Top non-repeatable levels by time:
       D: 9541 daAuts
